 Dungeon Crawl Stone Soup version 0.24-a0-484-g962a3eeff7 (webtiles) character file.

Game seed: 3954550477456460767

4622 Peloso the Carver (level 10, 0/86 HPs)
             Began as a Minotaur Fighter on July 9, 2019.
             Was a Believer of Okawaru.
             Slain by an orc warrior
             ... wielding a +0 hand axe
              (4 damage)
             ... in a bailey.
             The game lasted 00:18:45 (7608 turns).

Peloso the Carver (Minotaur Fighter)                Turns: 7608, Time: 00:18:46

Health: 0/86       AC: 15    Str: 28    XL:     10   Next: 19%
Magic:  9/9        EV: 13    Int:  5    God:    Okawaru [**....]
Gold:   393        SH: 13    Dex: 16    Spells: 9/9 levels left

rFire    . . .     SeeInvis .   a - +1 long sword
rCold    . . .     Gourm    .   c - +0 shield
rNeg     . . .     Faith    .   B - +0 plate armour
rPois    .         Spirit   .   (helmet restricted)
rElec    .         Reflect  .   p - +0 cloak
rCorr    .         Harm     .   (no gloves)
MR       .....                  (no boots)
Stlth    ..........             y - amulet of the acrobat
HPRegen  0.24/turn              (no ring)
MPRegen  0.11/turn              (no ring)

@: mighty, agile
A: retaliatory headbutt, horns 2
a: Heroism, Renounce Religion


You were in a bailey.
You worshipped Okawaru.
Okawaru was pleased with you.
You were not hungry.

You visited 2 branches of the dungeon, and saw 8 of its levels.
You also visited: Sewer and Bailey.

You collected 393 gold pieces.

Inventory:

Hand Weapons
 a - a +1 long sword (weapon)
Armour
 b - a +0 scale mail
 c - a +0 shield (worn)
 p - a +0 cloak (worn)
 v - a cursed +0 chain mail
 B - a +0 plate armour (worn)
Jewellery
 y - an amulet of the acrobat (around neck)
Wands
 z - a wand of flame (5)
Scrolls
 g - a scroll of acquirement {unknown}
 k - 7 scrolls of teleportation
 n - a scroll of blinking {unknown}
 q - a scroll of brand weapon {unknown}
 s - 3 scrolls of remove curse
Potions
 d - 2 potions of might
 i - 2 potions of heal wounds
 j - a potion of haste
 l - 9 potions of curing
 m - 5 potions of flight
 o - 4 potions of resistance {unknown}
 r - a potion of invisibility {unknown}
 t - 3 potions of brilliance {unknown}
 u - a potion of lignification {unknown}
 x - 2 potions of magic {unknown}
 C - 2 potions of berserk rage {unknown}
Comestibles
 f - 13 rations
 w - a chunk of flesh


   Skills:
 + Level 7.4 Fighting
 + Level 10.7 Long Blades
 + Level 8.9 Armour
 + Level 2.8 Dodging
 + Level 0.3 Stealth
 + Level 9.9 Shields
 + Level 1.0 Invocations
 + Level 0.5 Evocations


You had 9 spell levels left.
You didn't know any spells.
Your spell library was empty.

Dungeon Overview and Level Annotations

Branches:
Dungeon (8/15)             Temple (1/1) D:6
   Lair: D:8-11

Altars:
Cheibriados
Dithmenos
Fedhas
Gozag
Kikubaaqudgha
Makhleb
Nemelex Xobeh
Okawaru
Sif Muna
Vehumet
Wu Jian
Yredelemnul
Zin
Jiyva

Shops:
D:4 =

Annotations:
D:5 2 runed translucent doors, Mithandil's ghost, novice DECj


Innate Abilities, Weirdness & Mutations

You reflexively headbutt those who attack you in melee.
You have a pair of horns on your head.


Message History

Okawaru is honoured by your kill.
Your Invocations skill increases to level 1!
You block the orc warrior's attack.
Unknown command.
You barely miss the orc warrior. You block the orc warrior's attack.
You closely miss the orc warrior. Your headbutt misses the orc warrior.
You block the orc warrior's attack.
You closely miss the orc warrior. You headbutt the orc warrior.
The orc warrior is lightly wounded.
You block the orc warrior's attack.
You slash the orc warrior! Your headbutt misses the orc warrior.
The orc warrior is heavily wounded.
You completely miss the orc warrior. Your headbutt misses the orc warrior.
The orc warrior is heavily wounded.
The orc warrior hits you with a +0 hand axe!!
* * * LOW HITPOINT WARNING * * *
You closely miss the orc warrior.
The orc warrior is heavily wounded.
The orc warrior hits you with a +0 hand axe.
You die...

### ### ###.### ###.###
###.....### ###.....###
##.........###.........##
#.....).....#)..........#
#..........)).@)........#
#.....⌠....)#..o..⌠.....#
#...........#...........#
#...........#...........#
###.).......###....).)).###
##.#)#.....###.###....)#)#.###
...).###.###
...###.###)....### .......###
.... ###.........## ........#
....g #8..........#


You could see an orc warrior.

Vanquished Creatures
  An orc warlord (Bailey)
  An orc knight (Bailey)
  12 orc warriors
  A sky beast (D:6)
  2 ogres
  A phantom (D:6)
  2 big kobolds (Sewer)
  A bullfrog (D:6)
  6 killer bees (D:8)
  4 wights (D:6)
  2 crimson imps (D:5)
  4 hounds
  An orc priest (D:6)
  A bullfrog skeleton (D:6)
  2 worker ants (D:6)
  2 iguanas (D:4)
  2 orc wizards
  2 hound zombies
  Robin (D:4)
  6 gnolls (Bailey)
  6 adders
  4 river rats (Sewer)
  3 shadow imps
  2 oozes
  An adder skeleton (D:5)
  2 worms
  3 dart slugs
  7 leopard geckos
  25 orcs
  9 ball pythons
  13 bats
  3 giant cockroaches (D:3)
  42 goblins
  25 hobgoblins
  5 jackals
  23 kobolds
  4 quokkas
  8 frilled lizards
  2 leopard gecko skeletons
  A quokka zombie (D:8)
  25 rats
267 creatures vanquished.

Notes
Turn   | Place    | Note
-------+----------+-------------------------------------------
     0 | D:1      | Peloso the Minotaur Fighter began the quest for the Orb.
     0 | D:1      | Reached XP level 1. HP: 19/19 MP: 0/0
   147 | D:1      | Reached XP level 2. HP: 27/27 MP: 1/1
   655 | D:2      | Reached XP level 3. HP: 33/33 MP: 2/2
  1022 | D:2      | Reached skill level 1 in Dodging
  1030 | D:2      | Reached skill level 3 in Long Blades
  1540 | D:3      | Reached XP level 4. HP: 40/40 MP: 3/3
  1544 | D:3      | Found a glowing drain.
  1582 | Sewer    | Entered a sewer
  1846 | Sewer    | Reached XP level 5. HP: 37/46 MP: 4/4
  1883 | Sewer    | Reached skill level 4 in Long Blades
  1883 | Sewer    | Reached skill level 5 in Armour
  1892 | Sewer    | Reached skill level 5 in Shields
  1892 | Sewer    | Reached XP level 6. HP: 21/53 MP: 5/5
  2511 | D:3      | Found a burning altar of Makhleb.
  2581 | D:3      | Reached skill level 5 in Long Blades
  2727 | D:3      | Found a faded altar of an unknown god.
  3108 | D:3      | Found a deep blue altar of Sif Muna.
  3322 | D:4      | Noticed Robin
  3345 | D:4      | Killed Robin
  3458 | D:4      | Reached XP level 7. HP: 60/60 MP: 6/6
  3571 | D:4      | Found Pyheh's Jewellery Shoppe.
  3825 | D:5      | Entered Level 5 of the Dungeon
  3826 | D:5      | Found a runed translucent door.
  3835 | D:5      | Found a radiant altar of Vehumet.
  4278 | D:5      | Found a snail-covered altar of Cheibriados.
  4382 | D:5      | Found a runed translucent door.
  4389 | D:5      | Noticed Mithandil's ghost (novice DECj)
  4547 | D:5      | Reached skill level 5 in Fighting
  4547 | D:5      | Reached skill level 6 in Long Blades
  4858 | D:6      | Found a staircase to the Ecumenical Temple.
  4873 | D:6      | Reached XP level 8. HP: 37/68 MP: 7/7
  4903 | D:6      | Reached skill level 7 in Long Blades
  5074 | Temple   | Entered the Ecumenical Temple
  5179 | Temple   | Became a worshipper of Warmaster Okawaru
  5884 | D:6      | Found a shadowy altar of Dithmenos.
  6005 | D:6      | You fall into a shaft and drop 2 floors!
  6079 | D:8      | Reached skill level 8 in Long Blades
  6097 | D:8      | Reached * piety under Okawaru
  6126 | D:8      | Found an ornate altar of the Wu Jian Council.
  6195 | D:8      | Found a flagged portal.
  6212 | Bailey   | Entered a bailey
  6633 | Bailey   | Reached XP level 9. HP: 55/78 MP: 8/8
  6906 | Bailey   | Reached skill level 9 in Long Blades
  7267 | Bailey   | Noticed an orc warlord
  7268 | Bailey   | Noticed an orc knight
  7571 | Bailey   | Killed an orc warlord
  7571 | Bailey   | Reached ** piety under Okawaru
  7571 | Bailey   | Reached skill level 10 in Long Blades
  7571 | Bailey   | Reached XP level 10. HP: 50/86 MP: 7/9
  7602 | Bailey   | Killed an orc knight
  7602 | Bailey   | Reached skill level 1 in Invocations
  7607 | Bailey   | HP: 3/86 [orc warrior/+0 hand axe (18)]
  7608 | Bailey   | Slain by an orc warrior

Levels and vault maps discovered:
D:1:      grunt_arrival_lava_bath, layout_loops_ring
D:2:      layout_loops_ring, serial_bayou_lagoon_a
D:3:      layout_basic, lemuel_crystal_altar, lemuel_round_altar,
          portal_sewer_entry_f, first_ration, chequers_ecumenical_altar_island
D:4:      layout_basic, serial_shops, nicolae_shop_behind_doors,
          minmay_crossroads, uniq_robin
D:5:      layout_basic, vehumet_altar_wand_db, marbit_many_paths,
          ebering_ghost_sewer_f, feat_on_display
D:6:      layout_basic, nicolae_dithmenos_through_a_glass_darkly,
          minmay_temple_entry_stoned_glass, grunt_decor_mini_mirrors,
          minmay_misc_feat_encased, dk_noncrumbling_2, nrook_mini_vaults
D:8:      layout_loops_corners, kennysheep_little_box, enter_bailey_3,
          serial_shops, shop, nicolae_shop_statue_plus, enter_ossuary_5,
          grunt_livestock, supply_closet_lemuel
Temple:   pf_slime_end_temple
Bailey:   bailey_axe_minmay_hex_keep, bailey

Skill      XL: |  1  2  3  4  5  6  7  8  9 10 |
---------------+-------------------------------+-----
Shields        | 4 5 6 7 9 |  9.9
Armour         | 4 5 6 7 8 |  8.9
Dodging        | 1 2 |  2.8
Long Blades    | 3 4 5 6 8 10 | 10.7
Fighting       | 4 5 6 7 |  7.4
Invocations    | 1 |  1.0
Stealth        | |  0.3
Evocations     | |  0.5

Action                   |  1- 3 |  4- 6 |  7- 9 | 10-12 || total
-------------------------+-------+-------+-------+-------++-------
Melee: Long sword        |   118 |   203 |   398 |    23 ||   742
       Headbutt          |    17 |    37 |    76 |     5 ||   135
Invok: Heroism           |       |       |     5 |       ||     5
Evoke: Wand              |       |       |     5 |       ||     5
  Use: Potion            |       |     1 |    10 |     2 ||    13
       Scroll            |       |       |    13 |       ||    13
  Eat: Chunk             |     2 |     7 |     7 |       ||    16
       Ration            |       |       |     2 |       ||     2
Armor: Scale mail        |    82 |    99 |    14 |       ||   195
       Plate armour      |       |       |   132 |     3 ||   135
Dodge: Dodged            |    40 |    79 |    99 |     3 ||   221
Block: Shield            |    73 |   133 |   224 |    11 ||   441
       Rpst.: Long sword |     8 |    21 |    34 |       ||    63

Table legend:
 A = Non-vault XP
 B = Vault XP
 C = Vault XP percentage of total XP
 D = Non-vault monster count
 E = Vault monster count
 F = Vault count percentage of total count
                 A         B        C        D         E       F
            +---------+---------+-------+---------+---------+-------
      Total |    2327 |    4276 |  64.8 |     128 |     139 |  52.1
            +---------+---------+-------+---------+---------+-------
        D:1 |      38 |       0 |   0.0 |      24 |       0 |   0.0
        D:2 |      38 |       0 |   0.0 |      18 |       0 |   0.0
        D:3 |     117 |      12 |   9.3 |      24 |       5 |  17.2
        D:4 |     241 |      86 |  26.3 |      14 |      13 |  48.1
        D:5 |     298 |       3 |   1.0 |      12 |       2 |  14.3
        D:6 |    1169 |       0 |   0.0 |      26 |       0 |   0.0
        D:8 |     426 |       8 |   1.8 |      10 |       4 |  28.6
      Sewer |       0 |     325 | 100.0 |       0 |      48 | 100.0
     Bailey |       0 |    3842 | 100.0 |       0 |      67 | 100.0
            +---------+---------+-------+---------+---------+-------
